Construct Infanterie Kompanie
Construct Panzergrenadier Kompanie
Selects Luftwaffe Battlegroup
Selects Stuka Strafing Run
Pak 40 Anti-tank Gun Team
Nebelwerfer 42 Rocket Launcher Team
Nebelwerfer 42 Rocket Launcher Team
Panzergrenadier Officer Quarters
Selects Fallschirmjäger Squad Paradrop
Nebelwerfer 42 Rocket Launcher Team
Selects Luftwaffe Pioneer Support
Selects Flak 38 Anti-Air Emplacement
Selects Flak 36 Anti-tank Gun Emplacement